 Dungeon Crawl Stone Soup version 0.28.0-43-g3370ac3207 (webtiles) character file.

Game seed: 17160173036048018164

1312 styxcanada the Covert (level 8, -7/40 HPs)
             Began as a Spriggan Brigand on Mar 10, 2022.
             Mangled by an orc warrior
             ... wielding a +0 long sword
              (12 damage)
             ... on level 6 of the Dungeon.
             The game lasted 00:23:42 (7205 turns).

styxcanada the Covert (Spriggan Brigand)            Turns: 7205, Time: 00:23:42

Health: -7/40      AC:  5    Str:  7    XL:     8   Next: 32%
Magic:  5/13       EV: 18    Int: 13    God:
Gold:   255        SH:  5    Dex: 18    Spells: 9/12 levels left

rFire   . . .      SeeInvis +   a - +3 dagger (vamp)
rCold   . . .      Faith    .   n - +0 buckler
rNeg    . . .      Spirit   .   b - +0 robe
rPois   .          Reflect  .   (helmet restricted)
rElec   .          Harm     .   q - +2 cloak
rCorr   .          Rampage  .   (gloves unavailable)
Will    +....                   (boots unavailable)
Stlth   +++++.....              (no amulet)
HPRegen 0.13/turn               (no ring)
MPRegen 0.13/turn               (no ring)

@: very slightly contaminated, very quick
A: very small, no large weapons, unfitting armour, see invisible, speed 3
a: no special abilities


You were on level 6 of the Dungeon.
You visited 2 branches of the dungeon, and saw 7 of its levels.

You collected 255 gold pieces.

Inventory:

Hand Weapons
 a - a +3 vampiric dagger (weapon)
 l - a +3 vorpal mace
 p - a +2 quarterstaff of chaos
 s - a +1 hunting sling of flaming
Missiles
 d - 18 poisoned darts (quivered)
 e - 2 curare-tipped darts
 g - 6 boomerangs
 i - 158 stones
Armour
 b - a +0 robe (worn)
 n - a +0 buckler (worn)
 q - a +2 cloak (worn)
Jewellery
 k - an amulet of faith
Wands
 t - a wand of acid (14)
 w - a wand of mindburst (10)
Scrolls
 c - 2 scrolls of vulnerability
 f - a scroll of teleportation
 h - a scroll of fear
Potions
 j - a potion of magic
 m - a potion of might
 o - 3 potions of brilliance
 u - a potion of cancellation
 v - a potion of lignification
 x - a potion of ambrosia {unknown}


   Skills:
 + Level 3.0 Fighting
 + Level 3.5 Short Blades
 + Level 2.0(3.4) Slings
 + Level 3.6(3.8) Throwing
 * Level 4.2 Dodging
 * Level 10.4 Stealth
 * Level 0.3 Shields
 * Level 2.9 Spellcasting
 * Level 0.5 Transmutations
 * Level 2.1 Air Magic
 * Level 3.3 Poison Magic
 * Level 1.5 Evocations


You had 9 spell levels left.
You knew the following spells:

 Your Spells              Type           Power      Damage    Failure   Level
a - Poisonous Vapours     Pois/Air       18%        N/A       26%         2
b - Sting                 Tmut/Pois      24%        1d4       22%         1

Your spell library contained the following spells:

 Spells                   Type           Power      Damage    Failure   Level
 Beastly Appendage        Tmut           6%         N/A       38%         1
 Sandblast                Erth           2%         2d4       45%         1
 Corpse Rot               Necr/Air       8%         N/A       45%         2
 Spider Form              Tmut/Pois      6%         N/A       56%         3
 Ensorcelled Hibernation  Hex/Ice        2%         N/A       61%         2
 Anguish                  Hex/Necr       0%         N/A       99%         4


Dungeon Overview and Level Annotations

Branches:
Dungeon (6/15)             Temple (1/1) D:4

Altars:
Ashenzari
Cheibriados
Dithmenos
Fedhas
Kikubaaqudgha
Makhleb
Nemelex Xobeh
Okawaru
Qazlal
Uskayaw
Vehumet
Yredelemnul
Zin

Shops:
D:3 [   D:4 [


Innate Abilities, Weirdness & Mutations

You are very small and have problems with some larger weapons.
You are too small for most types of armour.
You have supernaturally acute eyesight. (SInv)
You cover ground extremely quickly. (Speed+++)


Message History

The orc wizard is heavily wounded.
You block the orc wizard's attack. You block the orc warrior's attack.
You barely miss the orc wizard.
The orc wizard is heavily wounded.
The orc wizard casts a spell at you. You block the puff of flame.
The orc warrior hits you with a +0 long sword!
You hit the orc wizard.
You feel better.
The orc wizard is severely wounded.
The orc wizard hits you with a +2 dagger of flaming.
* * * LOW HITPOINT WARNING * * *
The orc wizard burns you.
* * * LOW HITPOINT WARNING * * *
The orc warrior misses you.
You hit the orc wizard.
You feel better.
The orc wizard is almost dead.
The orc wizard hits you with a +2 dagger of flaming.
* * * LOW HITPOINT WARNING * * *
The orc wizard burns you.
* * * LOW HITPOINT WARNING * * *
You block the orc warrior's attack.
You closely miss the orc wizard.
The orc wizard is almost dead.
The orc wizard hits you but does no damage.
The orc warrior hits you with a +0 long sword.
* * * LOW HITPOINT WARNING * * *
Unknown command.
You hit the orc wizard but do no damage.
The orc wizard is almost dead.
You kill the orc wizard!
You block the orc warrior's attack.
Your Evocations skill increases to level 1!
Unknown command.
You hit the orc warrior but do no damage.
The orc warrior is lightly wounded.
The orc warrior closely misses you.
You closely miss the orc warrior.
The orc warrior is lightly wounded.
The orc warrior hits you with a +0 long sword!
You die...

#.....#.....#..
#.....#.....#..
#.....#.....'..
##########^...#.....###
#.............###......
#.......#.......#...##.
#.......#.......#..##..
#.......#..o....#.##...
#.....@.+.......#.#....
#....)o.#(....).#....._
#.......#o.###'##.#....
###'#####).##...#.##...
#....#.....'o..#..##..
#....#.$...#...#...##.
#....#.....#...+......
#..o.#.....#...#......
#...##.....#...#......


You could see an orc warrior.

Vanquished Creatures
  Grinder (D:3)
  Sigmund (D:3)
  A sky beast (D:6)
  A black bear (D:5)
  An ogre (D:4)
  2 phantoms (D:4)
  Blork the orc (D:5)
  A bullfrog zombie (D:6)
  A jelly (D:5)
  Crazy Yiuf (D:2)
  A bullfrog skeleton (D:5)
  Jessica (D:3)
  Terence (D:3)
  3 orc wizards
  A howler monkey zombie (D:5)
  3 gnolls (D:3)
  8 adders
  A white imp (D:5)
  2 ufetubi
  3 worms
  3 dart slugs
  16 orcs
  5 ball pythons
  8 endoplasms
  3 giant cockroaches
  3 goblins
  3 hobgoblins
  3 quokkas
  11 bats
  3 frilled lizards
  4 kobolds
  3 rats
100 creatures vanquished.

Vanquished Creatures (others)
  A human (D:3)
1 creature vanquished.

Grand Total: 101 creatures vanquished

Notes
Turn   | Place    | Note
-------+----------+-------------------------------------------
     0 | D:1      | styxcanada the Spriggan Brigand began the quest for the
                  | Orb.
     0 | D:1      | Reached XP level 1. HP: 10/10 MP: 2/2
    51 | D:1      | Reached skill level 6 in Stealth
   131 | D:1      | Found a faded altar of an unknown god.
   159 | D:1      | Reached XP level 2. HP: 4/14 MP: 3/3
   503 | D:1      | You fall into a shaft and drop 1 floor!
  1088 | D:1      | Reached skill level 7 in Stealth
  1261 | D:1      | Reached XP level 3. HP: 18/18 MP: 4/4
  1729 | D:2      | Found a runed translucent door.
  1730 | D:2      | Noticed Crazy Yiuf
  1749 | D:2      | Killed Crazy Yiuf
  1750 | D:2      | Reached XP level 4. HP: 23/23 MP: 5/5
  2369 | D:2      | Reached skill level 8 in Stealth
  2399 | D:2      | Learned a level 2 spell: Poisonous Vapours
  2732 | D:3      | Noticed Jessica
  2746 | D:3      | Killed Jessica
  2747 | D:3      | Reached XP level 5. HP: 26/26 MP: 6/6
  2779 | D:3      | Found Haysoev Naiph's Antique Armour Emporium.
  2784 | D:3      | Noticed Grinder
  2815 | D:3      | Paralysed by Grinder for 3 turns
  2827 | D:3      | Paralysed by Grinder for 5 turns
  2845 | D:3      | Killed Grinder
  2846 | D:3      | Reached skill level 1 in Slings
  2846 | D:3      | Reached skill level 1 in Spellcasting
  2846 | D:3      | Reached XP level 6. HP: 3/30 MP: 6/8
  3132 | D:3      | Noticed Sigmund
  3167 | D:3      | Killed Sigmund
  3168 | D:3      | Reached skill level 9 in Stealth
  3168 | D:3      | Reached skill level 1 in Air Magic
  3168 | D:3      | Reached skill level 1 in Poison Magic
  3325 | D:3      | Reached XP level 7. HP: 25/35 MP: 10/10
  3563 | D:3      | Found a burning altar of Makhleb.
  3703 | D:3      | Found an ancient bone altar of Kikubaaqudgha.
  3705 | D:3      | Noticed a human
  3710 | D:3      | Killed a human
  3878 | D:3      | Noticed Terence
  3885 | D:3      | Killed Terence
  4524 | D:4      | Found a staircase to the Ecumenical Temple.
  4530 | Temple   | Entered the Ecumenical Temple
  5106 | D:4      | Found an iron altar of Okawaru.
  5221 | D:4      | Found Guigi's Armour Boutique.
  5322 | D:5      | Entered Level 5 of the Dungeon
  5512 | D:5      | Reached skill level 10 in Stealth
  5513 | D:5      | Got A Beginning Course on Spellcraft
  5535 | D:5      | Reached XP level 8. HP: 39/39 MP: 12/12
  5537 | D:5      | Learned a level 1 spell: Sting
  6371 | D:5      | Noticed Blork the orc
  6406 | D:5      | Killed Blork the orc
  6722 | D:6      | Found a snail-covered altar of Cheibriados.
  7204 | D:6      | Reached skill level 1 in Evocations
  7205 | D:6      | Mangled by an orc warrior

Illustrated notes

Levels and vault maps discovered:
D:1:      scummos_arrival_simple_fountains, layout_rooms,
          hellmonk_ecumenical_altar_zigzags, serial_co_window_serial,
          co_window_corner_a, co_window_corner_a, co_window_corner_a,
          co_window_paths_a, co_window_cross_1, co_window_corner_b,
          co_window_of_opportunity_c, co_window_unsneaky_path_e,
          co_window_unsneaky_path_c, co_window_2corner, glass_columns_a,
          glass_columns_c, glass_columns_c
D:2:      minmay_chambers_of_twos, layout_loops_ring, lightli_corner_chamber,
          uniq_crazy_yiuf_cottage
D:3:      layout_basic, mainiacjoe_overflow_cross_hatched, tgw_kikubaaqudgha,
          serial_shops, nicolae_shop_behind_doors, uniq_terence, uniq_jessica,
          uniq_grinder, uniq_sigmund
D:4:      layout_gridville, okawaru_trees_2, temple_green, serial_shops,
          nicolae_shop_advertising_works [nicolae_subvault_shop_adworks]
D:5:      layout_basic, grunt_ministairs_6, uniq_blork_the_orc
D:6:      layout_gridville, lemuel_round_altar
Temple:   jpeg_temple_island

Skill      XL: |  1  2  3  4  5  6  7  8 |
---------------+-------------------------+-----
Stealth        | 6 7 8 9 10 | 10.4
Dodging        | 2 3 4 |  4.2
Fighting       | 2 3 |  3.0
Slings         | 1 2 |  2.0
Spellcasting   | 1 2 |  2.9
Throwing       | 3 |  3.6
Air Magic      | 1 2 |  2.1
Poison Magic   | 1 2 3 |  3.3
Short Blades   | 3 |  3.5
Evocations     | 1 |  1.5
Shields        | |  0.3
Transmutations | |  0.5

Action                   |  1- 3 |  4- 6 |  7- 9 || total
-------------------------+-------+-------+-------++-------
Melee: Dagger            |    78 |    73 |   174 ||   325
       Punch             |       |     2 |     2 ||     4
 Fire: Hunting sling     |       |    15 |       ||    15
Throw: Dart              |    11 |    33 |    10 ||    54
 Cast: Poisonous Vapours |       |     1 |    10 ||    11
       Sting             |       |       |     7 ||     7
  Use: Scroll            |       |     2 |    12 ||    14
       Potion            |       |     2 |     3 ||     5
 Stab: Sleeping          |    16 |     8 |    16 ||    40
       Invisible         |       |     1 |       ||     1
       Distracted        |       |       |     1 ||     1
Armor: Robe              |    17 |     6 |    17 ||    40
Dodge: Dodged            |    62 |    51 |   106 ||   219
Block: Buckler           |       |       |    28 ||    28
